 Dungeon Crawl Stone Soup version 0.27-a0-1200-g94dc6ad4cf (webtiles) character file.

Game seed: 9334681486080174798

319 reriks the Shield-Bearer (level 6, 0/49 HPs)
             Began as a Formicid Fighter on June 1, 2021.
             Slain by Sigmund
             ... wielding a +0 scythe
              (5 damage)
             ... on level 4 of the Dungeon.
             The game lasted 00:04:23 (3809 turns).

reriks the Shield-Bearer (Formicid Fighter)         Turns: 3809, Time: 00:04:24

Health: 0/49       AC: 11    Str: 23    XL:     6   Next: 75%
Magic:  6/6        EV:  8    Int:  7    God:
Gold:   81         SH:  0    Dex: 10    Spells: 5/5 levels left

rFire    + . .     SeeInvis +   a - +0 long sword
rCold    . . .     Faith    .   c - +0 kite shield
rNeg     . . .     Spirit   .   e - +1 scale mail {rF+}
rPois    .         Reflect  .   (helmet unavailable)
rElec    .         Harm     .   (no cloak)
rCorr    .         Rampage  .   l - +2 pair of gloves
Will     .....                  (no boots)
Stlth    ..........             (no amulet)
HPRegen  0.16/turn              (no ring)
MPRegen  0.10/turn              (no ring)

@: confused
A: permanent stasis, dig shafts and tunnels, antennae 3, four strong arms
a: Dig, Shaft Self


You were on level 4 of the Dungeon.
You visited 1 branch of the dungeon, and saw 4 of its levels.
You also visited: Sewer.

You collected 81 gold pieces.

Inventory:

Hand Weapons
 a - a +0 long sword (weapon)
 i - a +3 flail
Missiles
 j - 4 javelins
Armour
 b - a +0 scale mail
 c - a +0 kite shield (worn)
 e - a +1 scale mail of fire resistance (worn)
 l - a +2 pair of gloves (worn)
Jewellery
 h - an amulet of faith
Wands
 k - a wand of flame (27)
Scrolls
 g - a scroll of amnesia
Potions
 d - 2 potions of flight {unknown}
 f - a potion of curing {unknown}
 m - 3 potions of heal wounds
 n - 2 potions of ambrosia {unknown}


   Skills:
 + Level 4.7 Fighting
 + Level 3.6 Long Blades
 + Level 4.7 Armour
 + Level 5.3 Shields


You had 5 spell levels left.
You didn't know any spells.
Your spell library was empty.

Dungeon Overview and Level Annotations

Branches:
Dungeon (4/15)              Sewer (visited)
 Temple: D:4-7

Altars:
Nemelex Xobeh

Annotations:
D:4 Sigmund


Innate Abilities, Weirdness & Mutations

You cannot be hasted, slowed, berserked, paralysed or teleported.
You can dig through walls and to a lower floor.
You have a pair of large antennae on your head. (SInv)
Your four strong arms can wield two-handed weapons with a shield.


Message History

You block Sigmund's attack.
You closely miss Sigmund.
Sigmund is moderately wounded.
Sigmund closely misses you.
You riposte.
You closely miss Sigmund.
Sigmund is moderately wounded.
You closely miss Sigmund.
Sigmund is moderately wounded.
Sigmund closely misses you. You block Sigmund's attack.
You hit Sigmund.
Sigmund is heavily wounded.
Sigmund looks at you with fury. Sigmund hits you with a +0 scythe.
You closely miss Sigmund.
Sigmund is heavily wounded.
Sigmund completely misses you.
You riposte.
You slash Sigmund!
Sigmund is severely wounded.
You hit Sigmund.
Sigmund is almost dead.
Sigmund drinks a potion.
Sigmund is healed!
You block Sigmund's attack.
You hit Sigmund but do no damage. Sigmund hits you with a +0 scythe.
You closely miss Sigmund. You block Sigmund's attack.
You barely miss Sigmund. Sigmund barely misses you.
Sigmund hits you with a +0 scythe!
* * * LOW HITPOINT WARNING * * *
You hit Sigmund.
Sigmund is lightly wounded.
Sigmund hits you with a +0 scythe!
* * * LOW HITPOINT WARNING * * *
You hit Sigmund but do no damage.
Sigmund is lightly wounded.
Sigmund closely misses you. You block Sigmund's attack.
Sigmund gestures at you while chanting. The puff of flame misses you.
Sigmund points at you and mumbles some strange words.
You are confused.
You're too confused to move!
Sigmund looks at you with fury.
Unknown command.
Sigmund hits you from afar with a +0 scythe.
You die...

######## #......#
#.#....###
#.......<#######.
#
#.......@........
.
#........#######.
# #......@.# #
#....J.#### #
###...###.## #
##.###)#.## #
#...@###.# #
#####.#.## #
##.## ##+## #....


You could see Sigmund and a jelly.

Vanquished Creatures
  A kobold brigand (Sewer)
  A jelly (D:4)
  An orc priest (D:3)
  Jessica (D:3)
  Natasha (thrice) (D:3)
  2 adders
  2 worms (D:3)
  8 orcs
  A ball python (D:3)
  A bat (D:1)
  3 endoplasms
  4 giant cockroaches
  5 goblins
  2 hobgoblins
  9 jackals
  3 frilled lizards
  9 kobolds
  8 rats
64 creatures vanquished.

Notes
Turn   | Place    | Note
-------+----------+-------------------------------------------
     0 | D:1      | reriks the Formicid Fighter began the quest for the Orb.
     0 | D:1      | Reached XP level 1. HP: 18/18 MP: 1/1
   515 | D:1      | You fall into a shaft and drop 1 floor!
   526 | D:2      | Reached XP level 2. HP: 24/24 MP: 2/2
   598 | D:2      | Reached XP level 3. HP: 29/29 MP: 3/3
   662 | D:2      | Reached skill level 4 in Shields
  1652 | D:2      | You fall into a shaft and drop 1 floor!
  1737 | D:3      | Reached XP level 4. HP: 31/37 MP: 4/4
  1854 | D:3      | Noticed Natasha
  1883 | D:3      | Killed Natasha
  2010 | D:3      | Noticed Jessica
  2023 | D:3      | Killed Jessica
  2024 | D:3      | Reached XP level 5. HP: 31/42 MP: 5/5
  2098 | D:3      | Found a sparkling altar of Nemelex Xobeh.
  2364 | D:3      | Found a glowing drain.
  2365 | D:3      | Noticed Natasha
  2372 | D:3      | Killed Natasha
  2384 | Sewer    | Entered a sewer
  2477 | Sewer    | Noticed a kobold brigand
  2511 | Sewer    | Killed a kobold brigand
  2512 | Sewer    | Reached skill level 5 in Shields
  2512 | Sewer    | Reached XP level 6. HP: 23/49 MP: 6/6
  2791 | Sewer    | Found a glowing silver altar of Zin.
  2855 | D:3      | Noticed Natasha
  2860 | D:3      | Killed Natasha
  3622 | D:4      | Noticed Sigmund
  3792 | D:4      | HP: 2/49 [Sigmund/+0 scythe (11)]
  3809 | D:4      | Slain by Sigmund

Illustrated notes

Levels and vault maps discovered:
D:1:      minmay_arrival_open_corners, layout_basic, serial_co_window_serial,
          co_window_paths_b, co_window_paths_a, co_window_paths_a,
          co_window_paths_a, co_window_of_opportunity_a, co_window_paths_c,
          co_window_corner_b, co_window_unsneaky_path_a, co_window_paths_d,
          minmay_misc_feat_chi
D:2:      layout_loops_cross, uniq_robin
D:3:      layout_loops_cross, general_overflow_altar, portal_sewer_entry_a,
          uniq_natasha, uniq_jessica
D:4:      layout_loops_corners, amcnicky_altar_gilded, uniq_edmund,
          uniq_sigmund, uniq_eustachio, uniq_duvessa, uniq_crazy_yiuf_cottage

Skill      XL: |  1  2  3  4  5 |
---------------+----------------+-----
Shields        | 4 5 |  5.3
Fighting       | 4 |  4.7
Armour         | 4 |  4.7
Long Blades    | 3 |  3.6

Action                   |  1- 3 |  4- 6 || total
-------------------------+-------+-------++-------
Melee: Long sword        |    86 |   177 ||   263
  Use: Scroll            |     2 |     2 ||     4
       Potion            |       |     1 ||     1
Armor: Scale mail        |    44 |    74 ||   118
Dodge: Dodged            |    26 |    55 ||    81
Block: Kite shield       |    39 |    87 ||   126
       Rpst.: Long sword |     5 |    21 ||    26

Table legend: (Time is in decaauts)
 A = Elapsed time spent in this place.
 B = Non-inter-level travel time spent in this place.
 C = Inter-level travel time spent in this place.
 D = Time resting spent in this place.
 E = Time spent auto-exploring this place.
 F = Levels seen in this place.
 G = Mean time per level.
                   A        B        C        D        E       F      G
               +--------+--------+--------+--------+--------+-----+--------+
         Total |   3947 |   3856 |     91 |    989 |   2107 |   5 |  789.4 |
       Dungeon |   3459 |   3368 |     91 |    699 |   1987 |   4 |  864.8 |
         Sewer |    487 |    487 |      0 |    290 |    119 |   1 |  487.0 |
               +--------+--------+--------+--------+--------+-----+--------+

Top non-repeatable levels by time:
     D:3: 1423 daAuts
     D:1: 1069 daAuts
     D:2: 828 daAuts
   Sewer: 487 daAuts
     D:4: 138 daAuts
